 Dungeon Crawl Stone Soup version 0.21-a0-125-gb006224 (webtiles) character file.

854 Gorglomux the Cleaver (level 8, -3/75 HPs)
             Began as a Hill Orc Chaos Knight on July 15, 2017.
             Killed by divine providence
             ... invoked by an orc priest
              (16 damage)
             ... on level 4 of the Dungeon.
             The game lasted 00:08:18 (3584 turns).

Gorglomux the Cleaver (Hill Orc Chaos Knight)       Turns: 3584, Time: 00:08:18

Health: -3/75      AC: 11    Str: 17    XL:     8   Next: 1%
Magic:  8/8        EV:  5    Int: 14    God:    Xom [....*.]
Gold:   34         SH:  0    Dex: 10    Spells: 7/7 levels left

rFire    . . .     SeeInvis .   a - +1 hand axe (chop)
rCold    . . .     Gourm    .   (no shield)
rNeg     . . .     Faith    .   j - +0 plate armour
rPois    .         Spirit   .   (helmet restricted)
rElec    .         Reflect  .   (no cloak)
rCorr    .         Harm     .   (no gloves)
MR       .....                  q - +0 pair of boots
Stlth    ..........             (no amulet)
HPRegen  0.22/turn              (no ring)
MPRegen  0.11/turn              (no ring)

@: drained
A: antennae 1, clever 1
a: Renounce Religion, Convert to Beogh


You were on level 4 of the Dungeon.
You worshipped Xom.
You were a beloved toy of Xom.
You were not hungry.

You visited 1 branch of the dungeon, and saw 4 of its levels.

You collected 183 gold pieces.
You spent 149 gold pieces at shops.

Inventory:

Hand Weapons
 a - a +1 hand axe of chopping (weapon)
Armour
 j - a +0 plate armour (worn)
 q - a +0 pair of boots (worn)
Jewellery
 P - an uncursed ring of protection from cold {unknown}
Wands
 I - a wand of iceblast (4/15)
Scrolls
 d - 2 scrolls of recharging {unknown}
 g - 5 scrolls of remove curse
 h - 2 scrolls of amnesia {unknown}
 k - a scroll of enchant weapon {unknown}
 m - 3 scrolls of teleportation {unknown}
 p - a scroll of blinking {unknown}
 K - 3 scrolls of magic mapping {unknown}
 L - a scroll of fog {unknown}
 M - a scroll of noise {unknown}
 O - 2 scrolls of immolation {unknown}
Potions
 i - a potion of haste
 o - a potion of brilliance
 s - 4 potions of heal wounds
 u - 2 potions of mutation
 v - a potion of resistance
 Q - a potion of might {unknown}
 R - a potion of flight {unknown}
Comestibles
 c - 4 bread rations
 r - a fruit
 N - 2 chunks of flesh


   Skills:
 + Level 8.4(7.7) Fighting
 + Level 8.9(8.3) Axes
 - Level 2.1(1.6) Armour
 - Level 0.7(0.2) Dodging


You had 7 spell levels left.
You didn't know any spells.

Dungeon Overview and Level Annotations

Branches:
Dungeon (4/15)
 Temple: D:4-7

Altars:
Ashenzari
Elyvilon
Beogh

Shops:
D:4 (


Innate Abilities, Weirdness & Mutations

You have a pair of small antennae on your head.
Your mind is acute. (Int +2)


Message History

Aiming: Iceblast
Press: ? - help, Shift-Dir - straight line The mass of ice explodes!
The iceblast engulfs the orc priest. x2
You kill the orc priest!
You have reached level 8!
This wand has 5 charges left.
The orc priest invokes the aid of Beogh against you.
Beogh smites you!
* * * LOW HITPOINT WARNING * * *
Unknown command.
Unknown command.
Evoke which item? (* to show all) (? for menu, Esc to quit)
Aiming: Iceblast
Press: ? - help, Shift-Dir - straight line The mass of ice explodes!
The iceblast engulfs the orc priest.
The orc priest is heavily wounded.
This wand has 4 charges left.
The orc priest invokes the aid of Beogh against you.
Beogh smites you!
You die...

#.#. #....# #.#.## #
#. #....###.#.## #.
#....#....... #.##
#....#....... ..#
#....#....... #.#
#.../#.......
#.##)#####....#.......
#.o.).................
#####@................
#.................
#.................
###########.......
#....... ###.#.##
#.#... #.#### #.#


You could see an orc priest.

Vanquished Creatures
  The ghost of Qrupt the Slasher, an amateur HuAK of Lugonu (D:3)
  A boggart (D:3)
  3 orc priests
  Natasha (D:4)
  A worker ant (D:4)
  3 gnolls (D:3)
  3 adders
  An ooze (D:1)
  3 worms
  A dart slug (D:2)
  2 leopard geckos
  12 orcs
  A ball python (D:2)
  9 bats
  5 giant cockroaches
  12 goblins
  16 hobgoblins
  7 jackals
  2 quokkas
  3 frilled lizards
  2 kobolds
  13 rats
102 creatures vanquished.

Vanquished Creatures (collateral kills)
  The ghost of Slowdrip the Slinger, a novice HaHu of Okawaru (D:4)
  A steam dragon (D:4)
  An ogre (D:4)
  A scorpion (D:4)
  2 orc priests (D:4)
  A worker ant (D:4)
  An adder (D:4)
  A leopard gecko (D:4)
  2 orcs (D:4)
  2 giant cockroaches (D:4)
13 creatures vanquished.

Vanquished Creatures (others)
  5 toadstools (D:1)
5 creatures vanquished.

Grand Total: 120 creatures vanquished

Notes
Turn   | Place    | Note
-------+----------+-------------------------------------------
     0 | D:1      | Gorglomux the Hill Orc Chaos Knight began the quest for the Orb.
     0 | D:1      | Reached XP level 1. HP: 19/19 MP: 1/1
    98 | D:1      | Reached XP level 2. HP: 25/27 MP: 2/2
   366 | D:1      | Found a shattered altar of Ashenzari.
   424 | D:1      | XOM: noise
   470 | D:1      | XOM is BORED!
   470 | D:1      | XOM: noise
   680 | D:1      | XOM: harmless Pois miscast
   740 | D:1      | Reached XP level 3. HP: 34/34 MP: 3/3
   968 | D:1      | XOM: mild Necr miscast
   987 | D:2      | XOM: cloud trail
  1160 | D:2      | XOM: divination: detect creatures
  1220 | D:2      | XOM: silly message
  1330 | D:2      | Found a shattered altar of Ashenzari.
  1353 | D:2      | XOM: harmless Pois miscast
  1433 | D:2      | Reached XP level 4. HP: 41/41 MP: 4/4
  1553 | D:2      | XOM: divination: detect creatures
  1736 | D:2      | XOM: mild Summ miscast
  1979 | D:3      | XOM: silly message
  1997 | D:3      | XOM: divination: magic mapping
  2120 | D:3      | Noticed Ijyb
  2143 | D:3      | Noticed Ijyb
  2143 | D:3      | XOM: polymorph something unseen -> Ijyb the boggart
  2153 | D:3      | Killed Ijyb the boggart
  2153 | D:3      | Reached skill level 6 in Axes
  2153 | D:3      | Reached XP level 5. HP: 44/50 MP: 5/5
  2213 | D:3      | XOM: summons friendly iron imp
  2236 | D:3      | Reached skill level 6 in Fighting
  2548 | D:3      | Noticed Qrupt's ghost (amateur HuAK)
  2557 | D:3      | XOM: divination: detect items
  2567 | D:3      | XOM: cleaving
  2569 | D:3      | Killed Qrupt's ghost
  2569 | D:3      | Reached XP level 6. HP: 47/58 MP: 6/6
  2686 | D:3      | Found a roughly hewn altar of Beogh.
  2998 | D:4      | XOM: confuse monster(s)
  3027 | D:4      | Found Plog's Weapon Shoppe.
  3038 | D:4      | Bought a +1 hand axe of chopping for 149 gold pieces
  3061 | D:4      | Reached XP level 7. HP: 65/66 MP: 7/7
  3145 | D:4      | Noticed Slowdrip's ghost (novice HaHu)
  3149 | D:4      | Killed Slowdrip's ghost
  3196 | D:4      | Noticed a steam dragon
  3202 | D:4      | Killed a steam dragon
  3289 | D:4      | Found a white marble altar of Elyvilon.
  3427 | D:4      | Noticed Natasha
  3427 | D:4      | XOM: cleaving
  3435 | D:4      | Killed Natasha
  3534 | D:4      | XOM: give mutations
  3534 | D:4      | Gained mutation: Your mind is acute. (Int +2) [Xom's grace]
  3534 | D:4      | Gained mutation: You have a pair of small antennae on your head. [Xom's grace]
  3583 | D:4      | Reached XP level 8. HP: 26/75 MP: 8/8
  3584 | D:4      | Killed from afar by an orc priest

Vault maps used:
D:1:      ldierk_walled_garden, ashenzari_altar_1
D:2:      lemuel_crystal_altar, minmay_goblin_kobold_house
D:3:      kennysheep_orc_chapel, uniq_ijyb
D:4:      kennysheep_little_box, serial_shops, nicolae_shop_stone, uniq_natasha

Skill      XL: |  1  2  3  4  5  6  7 |
---------------+----------------------+-----
Fighting       | 4 5 6 7 8 |  8.4
Axes           | 5 6 7 8 |  8.9
Armour         | |  2.1
Dodging        | |  0.7

Action                   |  1- 3 |  4- 6 |  7- 9 || total
-------------------------+-------+-------+-------++-------
Melee: Hand axe          |   121 |   241 |    42 ||   404
Evoke: Wand              |       |       |     2 ||     2
  Use: Scroll            |       |     7 |       ||     7
 Stab: Paralysed         |     1 |       |       ||     1
       Confused          |       |     1 |       ||     1
  Eat: Chunk             |     2 |     5 |     2 ||     9
Armor: Leather armour    |    17 |       |       ||    17
       Plate armour      |    37 |   184 |    23 ||   244
Dodge: Dodged            |    37 |    37 |     6 ||    80
